 Dungeon Crawl Stone Soup version 0.28-a0-1447-ga5a8893891 (webtiles) character file.

Game seed: 13159446018706637380

971 derath95 the Skirmisher (level 7, 0/50 HPs)
             Began as a Demonspawn Fighter on Jan 10, 2022.
             Was a Follower of Uskayaw.
             Slain by Prince Ribbit (9 damage)
             ... on level 5 of the Dungeon.
             The game lasted 00:12:22 (5169 turns).

derath95 the Skirmisher (Demonspawn Fighter)        Turns: 5169, Time: 00:12:22

Health: 0/50       AC: 11    Str: 19    XL:     7   Next: 94%
Magic:  3/3        EV:  9    Int:  9    God:    Uskayaw [*.....]
Gold:   306        SH:  5    Dex: 12    Spells: 11/11 levels left

rFire   . . .      SeeInvis .   e - +3 flail (antimagic)
rCold   . . .      Faith    .   c - +0 buckler
rNeg    . . .      Spirit   .   b - +0 scale mail
rPois   .          Reflect  .   (no helmet)
rElec   .          Harm     .   l - +0 cloak
rCorr   .          Rampage  .   (no gloves)
Will    .....                   (no boots)
Stlth   ..........              (no amulet)
HPRegen 0.16/turn               (no ring)
MPRegen 0.08/turn               (no ring)

@: no status effects
A: hooves 1, yellow scales 2, demonic guardian 1, frail 1
a: Renounce Religion, Stomp


You were on level 5 of the Dungeon.
You worshipped Uskayaw.
Uskayaw was noncommittal.
You visited 2 branches of the dungeon, and saw 6 of its levels.

You collected 306 gold pieces.

Inventory:

Hand Weapons
 a - a +0 war axe
 e - a +3 antimagic flail (weapon)
Armour
 b - a +0 scale mail (worn)
 c - a +0 buckler (worn)
 l - a +0 cloak (worn)
Scrolls
 h - 4 scrolls of identify
Potions
 d - a potion of might


   Skills:
 + Level 5.2 Fighting
 + Level 4.2 Axes
 + Level 4.6 Armour
 + Level 4.7 Shields
 + Level 2.6 Spellcasting


You had 11 spell levels left.
You didn't know any spells.
Your spell library contained the following spells:

 Spells                   Type           Power      Damage    Failure   Level
 Beastly Appendage        Tmut           2%         N/A       75%         1
 Wereblood                Tmut           1%         N/A       87%         2
 Conjure Flame            Conj/Fire      1%         6-21      98%         3
 Ignite Poison            Fire/Tmut/Pois 1%         N/A       98%         3
 Spider Form              Tmut/Pois      1%         N/A       98%         3
 Tukima's Dance           Hex            1%         N/A       98%         3
 Anguish                  Hex/Necr       0%         N/A       100%        4
 Sticky Flame             Conj/Fire      1%         2d3       100%        4
 Enfeeble                 Hex            0%         N/A       100%        7


Dungeon Overview and Level Annotations

Branches:
Dungeon (5/15)             Temple (1/1) D:4

Altars:
Dithmenos
Fedhas
Hepliaklqana
Kikubaaqudgha
Makhleb
Nemelex Xobeh
Okawaru
Qazlal
Ru
Sif Muna
Trog
Uskayaw
Vehumet
Wu Jian
Xom
Yredelemnul
Zin
The Shining One

Annotations:
D:5 Prince Ribbit


Innate Abilities, Weirdness & Mutations

You have large cloven feet.
You are mostly covered in yellow scales. (AC +3)
A weak demonic guardian rushes to your aid.
You are frail. (-10% HP)


Message History

Your +2 antimagic flail glows red for a moment.
Something misses your ufetubus.
You feel magic leave you.
e - a +3 antimagic flail (weapon)
Something misses your ufetubus. Something hits your ufetubus!
Your ufetubus dies!
Your ufetubus dissolves into shadows!
Your phantom hits Prince Ribbit.
Your quasit bites Prince Ribbit.
Your quasit closely misses Prince Ribbit.
Your quasit barely misses Prince Ribbit.
Prince Ribbit hits your phantom.
Your quasit closely misses Prince Ribbit.
Your quasit completely misses Prince Ribbit.
Your quasit barely misses Prince Ribbit.
Your phantom misses Prince Ribbit.
Prince Ribbit closely misses your phantom.
Your quasit barely misses Prince Ribbit. x2
Your quasit closely misses Prince Ribbit.
Prince Ribbit hits your phantom!
Your phantom hits Prince Ribbit!
Your quasit bites Prince Ribbit.
Your quasit closely misses Prince Ribbit.
Your quasit claws Prince Ribbit.
Prince Ribbit blinks!
Your quasit closely misses Prince Ribbit.
Your quasit completely misses Prince Ribbit.
Your quasit claws Prince Ribbit.
Your phantom hits Prince Ribbit.
Prince Ribbit blinks!
Your quasit disappears in a puff of smoke!
Your phantom misses Prince Ribbit.
Prince Ribbit hops awkwardly around.
Prince Ribbit hits your phantom.
Prince Ribbit blinks!
Prince Ribbit blinks!
Your phantom barely misses Prince Ribbit.
Prince Ribbit hits your phantom!
Your phantom misses Prince Ribbit.
Prince Ribbit blinks!
Your phantom dissolves into shadows!
You feel a little less mighty now.
Prince Ribbit croaks.
Prince Ribbit hits you!
You die...

#.#8.._.....#
#.# #..
#.##.....######
#.# ###
#.##8...8#....#
#.#
#..##...##.##.#
#.# ######8#
#.##.#####.#
#####....F...F.#
#.#####.#######
#.#####.#
#.@F....#
#########


You could see Prince Ribbit.

Vanquished Creatures
  A sky beast (D:4)
  A black bear (D:5)
  An ogre (D:4)
  A bullfrog (D:3)
  3 scorpions
  A hound (D:5)
  An orc priest (D:4)
  A gnoll shaman (D:5)
  A bullfrog skeleton (D:4)
  A centaur skeleton (D:5)
  Natasha (thrice) (D:4)
  3 orc wizards
  3 gnolls (D:5)
  2 howler monkey skeletons
  3 adders
  A worm (D:3)
  5 dart slugs
  15 orcs
  3 endoplasms
  5 giant cockroaches
  8 goblins
  4 hobgoblins
  4 jackals (D:1)
  A quokka (D:3)
  6 ball pythons
  4 bats
  A frilled lizard (D:1)
  2 kobolds
  5 rats
90 creatures vanquished.

Vanquished Creatures (collateral kills)
  An orc (D:5)
  A goblin (D:1)
  A rat (D:2)
3 creatures vanquished.

Grand Total: 93 creatures vanquished

Notes
Turn   | Place    | Note
-------+----------+-------------------------------------------
     0 | D:1      | derath95 the Demonspawn Fighter began the quest for the
                  | Orb.
     0 | D:1      | Reached XP level 1. HP: 18/18 MP: 1/1
    82 | D:1      | Found a faded altar of an unknown god.
   238 | D:1      | Gained mutation: A weak demonic guardian rushes to your
                  | aid. [demonic ancestry]
   238 | D:1      | Reached XP level 2. HP: 22/24 MP: 2/2
  1116 | D:2      | Gained mutation: You have large cloven feet. [demonic
                  | ancestry]
  1116 | D:2      | Reached XP level 3. HP: 25/29 MP: 3/3
  1665 | D:3      | Noticed a scorpion
  1672 | D:3      | Killed a scorpion
  1673 | D:3      | Gained mutation: You are partially covered in yellow
                  | scales. (AC +2) [demonic ancestry]
  1673 | D:3      | Reached XP level 4. HP: 29/37 MP: 4/4
  1751 | D:3      | Noticed a bullfrog
  1760 | D:3      | Killed a bullfrog
  1761 | D:3      | Reached XP level 5. HP: 33/42 MP: 5/5
  1762 | D:3      | Reached skill level 4 in Fighting
  1931 | D:3      | Found a shimmering blue altar of Sif Muna.
  1931 | D:3      | Found a hide-covered altar of Uskayaw.
  1933 | D:3      | Found a bloodstained altar of Trog.
  1990 | D:3      | Found an iron altar of Okawaru.
  2024 | D:3      | Found an ancient bone altar of Kikubaaqudgha.
  2096 | D:3      | Became a worshipper of Uskayaw the Reveller
  2178 | D:3      | Reached * piety under Uskayaw
  2512 | D:4      | Reached ** piety under Uskayaw
  2546 | D:4      | Noticed a sky beast
  2561 | D:4      | Killed a sky beast
  2562 | D:4      | Reached skill level 1 in Spellcasting
  2562 | D:4      | Reached XP level 6. HP: 15/48 MP: 5/7
  2908 | D:4      | Reached *** piety under Uskayaw
  3114 | D:4      | Found a staircase to the Ecumenical Temple.
  3473 | D:4      | Noticed Natasha
  3479 | D:4      | Killed Natasha
  3480 | D:4      | Gained mutation: You are mostly covered in yellow scales.
                  | (AC +3) [demonic ancestry]
  3480 | D:4      | Reached XP level 7. HP: 54/55 MP: 9/9
  3525 | Temple   | Entered the Ecumenical Temple
  3834 | D:4      | Noticed Natasha
  3850 | D:4      | Killed Natasha
  3860 | D:4      | Noticed Natasha
  3872 | D:4      | Killed Natasha
  3895 | D:5      | Entered Level 5 of the Dungeon
  4082 | D:5      | Gained mutation: You are frail. (-10% HP) [potion of
                  | mutation]
  4284 | D:5      | Reached skill level 5 in Fighting
  4286 | D:5      | Reached **** piety under Uskayaw
  4559 | D:5      | Found a blossoming altar of Fedhas.
  5079 | D:5      | Found an ornate altar of the Wu Jian Council.
  5080 | D:5      | Noticed Prince Ribbit
  5125 | D:5      | HP: 2/50 [Prince Ribbit (10)]
  5169 | D:5      | Slain by Prince Ribbit

Illustrated notes

Levels and vault maps discovered:
D:1:      minmay_arrival_jagged, layout_basic,
          shapermc_ecumenical_altar_starsandcircs
D:2:      layout_basic
D:3:      layout_rooms, nicolae_overflow_quartered_altars, lemuel_tele_altar
D:4:      layout_basic, minmay_temple_entry_large_hall, uniq_natasha
D:5:      layout_loops_ring, nzn_wu_jian_council_hall,
          mainiacjoe_overflow_brackets, uniq_prince_ribbit1
Temple:   minmay_temple_curvy_loop

Skill      XL: |  1  2  3  4  5  6  7 |
---------------+----------------------+-----
Axes           | 2 3 4 |  4.2
Armour         | 3 4 |  4.6
Shields        | 3 4 |  4.7
Fighting       | 4 5 |  5.2
Spellcasting   | 1 2 |  2.6

Action                   |  1- 3 |  4- 6 |  7- 9 || total
-------------------------+-------+-------+-------++-------
Melee: War axe           |   105 |   106 |    90 ||   301
       Kick              |     7 |    26 |    23 ||    56
  Use: Potion            |     3 |       |     4 ||     7
       Scroll            |     3 |       |     2 ||     5
 Stab: Paralysed         |       |     1 |     3 ||     4
Armor: Scale mail        |    52 |    47 |    50 ||   149
Dodge: Dodged            |    45 |    47 |    44 ||   136
Block: Buckler           |    31 |    20 |    21 ||    72

Table legend: (Time is in decaauts)
 A = Elapsed time spent in this place.
 B = Non-inter-level travel time spent in this place.
 C = Inter-level travel time spent in this place.
 D = Time resting spent in this place.
 E = Time spent auto-exploring this place.
 F = Levels seen in this place.
 G = Mean time per level.
                   A        B        C        D        E       F      G
               +--------+--------+--------+--------+--------+-----+--------+
         Total |   5277 |   5231 |     46 |      0 |   4043 |   6 |  879.5 |
       Dungeon |   5054 |   5008 |     46 |      0 |   3848 |   5 | 1010.8 |
        Temple |    222 |    222 |      0 |      0 |    195 |   1 |  222.0 |
               +--------+--------+--------+--------+--------+-----+--------+

Top non-repeatable levels by time:
     D:5: 1301 daAuts
     D:4: 1202 daAuts
     D:3: 985 daAuts
     D:1: 958 daAuts
     D:2: 605 daAuts
  Temple: 222 daAuts
